 Dungeon Crawl Stone Soup version 0.31.0-9-g3a7656b989 (webtiles) character file.

Game seed: 1119389622473851975

563 GenialerGandalf the Chopper (level 7, 0/61 HPs)
             Began as a Hill Orc Fighter on Feb 4, 2024.
             Succumbed to a hornet's poison
             ... on level 5 of the Dungeon.
             The game lasted 00:10:24 (3365 turns).

GenialerGandalf the Chopper (Hill Orc Fighter)      Turns: 3365, Time: 00:10:24

Health: 0/61       AC: 10    Str: 21    XL:     7   Next: 32%
Magic:  7/7        EV:  8    Int:  8    God:
Gold:   198        SH:  4    Dex: 10    Spells: 6/6 levels left

rFire   . . .        a - +0 war axe
rCold   + . .        c - +0 buckler
rNeg    . . .        h - +0 chain mail
rPois   .            (no helmet)
rElec   .            f - +0 cloak
rCorr   .            (no gloves)
SInv    .            (no boots)
Will    +....        (no amulet) Stlth
                     o - ring of protection from cold
HPRegen 0.30/turn    (no ring)
MPRegen 0.10/turn

%: no passive effects
@: lethally poisoned (0 -> -6), enlightened, flying, slowed, very slow
A: no striking features
a: no special abilities


You were on level 5 of the Dungeon.
You visited 1 branch of the dungeon, and saw 5 of its levels.

You collected 198 gold pieces.

Inventory:

Hand Weapons
 a - a +0 war axe (weapon)
Armour
 b - a +0 scale mail
 c - a +0 buckler (worn)
 f - a +0 cloak (worn)
 h - a +0 chain mail (worn)
Jewellery
 o - a ring of protection from cold (left hand)
 p - a ring of wizardry
Scrolls
 g - a scroll of butterflies
 i - a scroll of immolation {unknown}
 j - a scroll of blinking {unknown}
 l - 3 scrolls of identify {unknown}
 m - a scroll of teleportation {unknown}
 n - a scroll of vulnerability {unknown}
Potions
 d - a potion of might


   Skills:
 + Level 5.6 Fighting
 + Level 7.5 Axes
 + Level 4.8 Armour
 + Level 4.1 Shields


You had 6 spell levels left.
You didn't know any spells.
Your spell library contained the following spells:

 Spells                   Type           Power      Damage    Failure   Level
 Kiss of Death            Conj/Necr      0%         2d5       98%         1
 Confusing Touch          Hex            0%         N/A       100%        3
 Inner Flame              Hex/Fire       0%         N/A       100%        3
 Dispel Undead            Necr           0%         3d6       100%        4
 Flame Wave               Conj/Fire      0%         2d4       100%        4
 Sticky Flame             Fire/Alch      0%         2d4       100%        4


Dungeon Overview and Level Annotations

Branches:
Dungeon (5/15)
 Temple: D:4-7

Altars:
Cheibriados
Elyvilon
Sif Muna

Shops:
D:1 ?   D:3 (


Message History

The hornet stings you but does no damage.
You feel much better.
You feel very sick. The hornet stings you.
You feel as though you will be slow longer.
The hornet completely misses you.
The hornet stings you but does no damage.
It was a potion of curing.
You feel better. The hornet stings you.
You feel as though you will be slow longer.
The hornet stings you.
You feel as though you will be slow longer.
The hornet attacks as it pursues you! The hornet closely misses you.
You block the hornet's attack.
You barely miss the hornet.
The hornet is lightly wounded.
The hornet stings you but does no damage.
The hornet barely misses you. The hornet stings you!
* * * LOW HITPOINT WARNING * * *
You feel as though you will be slow longer.
You hit the hornet but do no damage.
The hornet is lightly wounded.
The hornet closely misses you. The hornet barely misses you.
You slash the hornet!
The hornet is heavily wounded.
The hornet stings you!
* * * LOW HITPOINT WARNING * * *
You are lethally poisoned!
You feel as though you will be slow longer.
The hornet stings you but does no damage.
You block the hornet's attack.
You closely miss the hornet.
The hornet is heavily wounded.
* * * LOW HITPOINT WARNING * * *
You feel very sick. The hornet barely misses you.
The hornet stings you but does no damage.
You barely miss the hornet.
The hornet is heavily wounded.
You hear the slow rusting of a very distant drain.
You die...

###
##.#########
.####
#.........@#
....#
##.#######y#
. #.###...##
#.#
###.##.....#
#.#
..........##
#.#
###.####.##
... ###.#
#.# #.#
....# #.#
... .####
#+# ...


You could see a hornet.

Vanquished Creatures
  A black bear (D:4)
  2 scorpions (D:4)
  2 hounds (D:4)
  An iguana (D:4)
  An orc wizard (D:4)
  5 gnolls
  7 adders
  An ufetubus (D:4)
  A ribbon worm (D:2)
  4 dart slugs
  6 orcs
  6 bats
  12 endoplasms
  8 giant cockroaches
  4 goblins
  8 hobgoblins
  16 jackals
  4 quokkas
  6 ball pythons
  4 frilled lizards
  9 kobolds
  4 rats
112 creatures vanquished.

Vanquished Creatures (others)
  A giant cockroach (D:3)
1 creature vanquished.

Grand Total: 113 creatures vanquished

Notes
Turn   | Place    | Note
-------+----------+-------------------------------------------
     0 | D:1      | GenialerGandalf the Hill Orc Fighter began the quest for
                  | the Orb.
     0 | D:1      | Reached XP level 1. HP: 19/19 MP: 1/1
    71 | D:1      | Reached XP level 2. HP: 17/27 MP: 2/2
    87 | D:1      | Reached skill level 3 in Axes
    87 | D:1      | Reached XP level 3. HP: 15/33 MP: 3/3
   105 | D:1      | Found Zetzurh Rasm's Magic Scroll Emporium.
   663 | D:2      | Reached skill level 4 in Axes
   663 | D:2      | Reached XP level 4. HP: 37/41 MP: 4/4
  1612 | D:3      | Reached XP level 5. HP: 42/47 MP: 5/5
  1745 | D:3      | Found Timmei's Weapon Emporium.
  1767 | D:3      | Reached skill level 5 in Axes
  2008 | D:3      | Found a snail-covered altar of Cheibriados.
  2088 | D:3      | Found a white marble altar of Elyvilon.
  2155 | D:3      | Reached skill level 5 in Fighting
  2553 | D:4      | Reached XP level 6. HP: 56/56 MP: 6/6
  2567 | D:4      | Reached skill level 6 in Axes
  2623 | D:4      | Found a shimmering blue altar of Sif Muna.
  3017 | D:4      | Noticed a black bear
  3037 | D:4      | Killed a black bear
  3038 | D:4      | Reached skill level 7 in Axes
  3038 | D:4      | Reached XP level 7. HP: 25/61 MP: 7/7
  3324 | D:5      | Entered Level 5 of the Dungeon
  3350 | D:5      | Noticed a hornet
  3364 | D:5      | HP: 2/61 [poisoned by a hornet]
  3365 | D:5      | Succumbed to a hornet's poison

Illustrated notes

Levels and vault maps discovered:
D:1:      doesnt_arrival_eight_statues, layout_rooms, serial_shops,
          nicolae_shop_rolling_square
D:2:      layout_loops_corners
D:3:      cheibrodos_old_hovel, layout_basic, cheibriados_altar_1,
          elyvilon_altar_4, serial_shops, nicolae_shop_bloodbath_and_beyond
D:4:      layout_loops_ring, nicolae_overflow_hidden_temple, st_stairs_7,
          corexii_hall_statues_s
D:5:      layout_loops_corners, lemuel_zombie_altar_yredelemnul,
          temple_hall_moat, gup_sewer_entry_bubbles, uniq_grinder

Skill      XL: |  1  2  3  4  5  6 |
---------------+-------------------+-----
Fighting       | 4 5 |  5.6
Axes           | 3 4 5 7 |  7.5
Armour         | 4 |  4.8
Shields        | 4 |  4.1

Action                     |  1- 3 |  4- 6 |  7- 9 || total
---------------------------+-------+-------+-------++-------
  Melee: War axe           |    81 |   194 |    17 ||   292
    Use: Scroll            |       |     1 |       ||     1
         Potion            |       |       |     4 ||     4
 Armour: Scale mail        |    63 |       |       ||    63
         Chain mail        |    10 |   188 |    25 ||   223
  Dodge: Dodged            |    42 |    80 |    13 ||   135
  Block: Buckler           |    25 |    59 |     6 ||    90
